[Event "RUS-ch Blitz Women 2018"]
[Site "Sochi"]
[Date "2018.10.07"]
[Round "2"]
[White "Pavlova, Natalia"]
[Black "Vasilevich, Tatjana"]
[Result "0-1"]
[ECO "A06"]
[WhiteElo "1978"]
[BlackElo "2360"]
[Annotator "NA"]
[PlyCount "60"]
[EventDate "2018.10.07"]
[EventType "swiss"]
[EventCountry "RUS"]
[SourceTitle "playchess.com"]
[Source "ChessBase"]
[SourceQuality "1"]
[TimeControl "180+2"]

1. Nf3 Nf6 2. c4 e6 3. b3 d5 4. e3 c5 5. Bb2 Nc6 6. Be2 d4 7. exd4 cxd4 8. d3 Be7 9. O-O O-O 10. Nbd2 e5 11. Re1 Nd7 12. Bf1 f6 13. Qc1 Nc5 14. Ba3 a5 15. Qb2 Bf5 16. Ne4 Bxe4 17. dxe4 Nb4 18. Bxb4 axb4 19. a3 bxa3 20. Qc2 Qb6 21. Bd3 Qxb3 22. Red1 Qxc2 23. Bxc2 Rfd8 24. Ne1 Na4 25. Bxa4 Rxa4 26. Rdc1 Rc8 27. Rd1 Raxc4 28. Rd3 Rc3 29. g3 Rc1 30. Rxc1 Rxc1 0-1

[Event "RUS-ch Blitz Women 2018"]
[Site "Sochi"]
[Date "2018.10.07"]
[Round "3"]
[White "Shuvalova, Polina"]
[Black "Kabanova, Ekaterina"]
[Result "1-0"]
[ECO "B40"]
[WhiteElo "2421"]
[BlackElo "2082"]
[Annotator "NA"]
[PlyCount "91"]
[EventDate "2018.10.07"]
[EventType "swiss"]
[EventCountry "RUS"]
[SourceTitle "playchess.com"]
[Source "ChessBase"]
[SourceQuality "1"]
[TimeControl "180+2"]

1. e4 c5 2. Nf3 e6 3. c3 a6 4. d4 Qc7 5. Bd3 d6 6. O-O Nd7 7. Re1 Be7 8. d5 e5 9. c4 Bf6 10. Nc3 Ne7 11. h3 Ng6 12. Nh2 Ndf8 13. Ng4 Bxg4 14. hxg4 h6 15. g3 Nh7 16. Be3 O-O 17. Kg2 Rfe8 18. Qd2 Qd7 19. Qe2 Rab8 20. Rab1 b6 21. a3 Bg5 22. Nd1 Nf6 23. Bxg5 hxg5 24. Ne3 b5 25. Nf5 Ne7 26. Rh1 Nxf5 27. gxf5 Kf8 28. Qd2 bxc4 29. Bc2 g4 30. Qg5 Ke7 31. Qxg7 Rg8 32. Qh6 Rh8 33. Qg5 Rbg8 34. Qd2 Rxh1 35. Rxh1 Qb5 36. Qc3 Rb8 37. Rb1 Rh8 38. Qe3 Qb8 39. Bd1 Rh5 40. Qe2 Qh8 41. Qc2 Rh1 42. Bxg4 Nxg4 43. Rxh1 Qb8 44. Qd2 Qb3 45. Qg5+ Nf6 46. Rh6 1-0

[Event "RUS-ch Blitz Women 2018"]
[Site "Sochi"]
[Date "2018.10.07"]
[Round "3"]
[White "Ambartsumova, Karina"]
[Black "Shaydullina, Sandugach"]
[Result "1-0"]
[ECO "B90"]
[WhiteElo "2379"]
[BlackElo "2033"]
[Annotator "NA"]
[PlyCount "169"]
[EventDate "2018.10.07"]
[EventType "swiss"]
[EventCountry "RUS"]
[SourceTitle "playchess.com"]
[Source "ChessBase"]
[SourceQuality "1"]
[TimeControl "180+2"]

1. e4 c5 2. Nf3 d6 3. d4 cxd4 4. Nxd4 Nf6 5. Nc3 a6 6. Be3 Ng4 7. Bc1 Nf6 8. h3 g6 9. Be3 Bg7 10. g4 O-O 11. Bg2 Nc6 12. Nxc6 bxc6 13. e5 dxe5 14. Qxd8 Rxd8 15. Bxc6 Rb8 16. Rb1 Rd6 17. Bg2 Be6 18. O-O Nd5 19. Nxd5 Bxd5 20. Bc5 Rd7 21. Bxd5 Rxd5 22. Bxe7 e4 23. b3 Rd2 24. Rfc1 Bd4 25. Bh4 e3 26. fxe3 Bxe3+ 27. Kh1 Rc8 28. Re1 Bf4 29. Bf6 Rh2+ 30. Kg1 Rxh3 31. Re2 h5 32. Rbe1 Rf8 33. gxh5 Rxh5 34. Re8 Rf5 35. Bd4 f6 36. c4 Bg3 37. R1e2 Rf4 38. Bc5 Rxe8 39. Rxe8+ Kf7 40. Re7+ Kg8 41. Kg2 Bh4 42. Be3 Rg4+ 43. Kf3 f5 44. Rb7 Rg3+ 45. Ke2 Rg2+ 46. Kd3 Rxa2 47. c5 Bg3 48. c6 Ra3 49. Kc4 Ra2 50. Kd3 Ra3 51. Kc2 Be5 52. c7 Ra2+ 53. Kd3 Bxc7 54. Rxc7 Ra3 55. Kc4 a5 56. Bc5 Ra1 57. Ra7 f4 58. Bd4 Ra2 59. Rg7+ Kf8 60. Rxg6 a4 61. b4 Rc2+ 62. Kd3 Rc1 63. Rf6+ Ke7 64. Rxf4 a3 65. Rf2 Rb1 66. Kc4 Rd1 67. Ra2 Rc1+ 68. Bc3 Kd6 69. Rxa3 Kc6 70. Ra6+ Kb7 71. Rg6 Kc7 72. b5 Kb7 73. Kb4 Rb1+ 74. Kc5 Rc1 75. Rg7+ Kc8 76. Rg3 Kb7 77. Kc4 Rb1 78. Bb2 Rh1 79. Bd4 Rc1+ 80. Kd5 Rd1 81. Rg7+ Kb8 82. Kc6 Rxd4 83. Rg8+ Ka7 84. b6+ Ka6 85. Ra8# 1-0

[Event "RUS-ch Blitz Women 2018"]
[Site "Sochi"]
[Date "2018.10.07"]
[Round "3"]
[White "Gritsayeva, Oksana"]
[Black "Charochkina, Daria"]
[Result "1/2-1/2"]
[ECO "B10"]
[WhiteElo "2378"]
[BlackElo "2344"]
[Annotator "NA"]
[PlyCount "141"]
[EventDate "2018.10.07"]
[EventType "swiss"]
[EventCountry "RUS"]
[SourceTitle "playchess.com"]
[Source "ChessBase"]
[SourceQuality "1"]
[TimeControl "180+2"]

1. e4 c6 2. Nc3 d5 3. Nf3 Nf6 4. e5 Ne4 5. Bd3 Nxc3 6. dxc3 h6 7. h3 c5 8. O-O Nc6 9. c4 e6 10. a3 Be7 11. Qe2 O-O 12. Bf4 Bd7 13. Rfe1 Re8 14. Rad1 Bf8 15. Nh2 Qh4 16. Bg3 Qe7 17. Qh5 g6 18. Qe2 Bg7 19. c3 Rad8 20. Ng4 h5 21. Nh2 Na5 22. cxd5 exd5 23. Nf3 Be6 24. Bh4 Qc7 25. Bxd8 Rxd8 26. Ng5 Qe7 27. Nxe6 Qxe6 28. Qe3 b6 29. Qg5 Rc8 30. f4 c4 31. f5 Qc6 32. Bc2 Qc5+ 33. Kh1 Qf2 34. Qd2 Qg3 35. fxg6 Bxe5 36. gxf7+ Kg7 37. Rxe5 Qxe5 38. Qxd5 Qxd5 39. Rxd5 Kxf7 40. Rxh5 Rd8 41. Rh7+ Kf6 42. Rxa7 Rd2 43. Be4 Rxb2 44. Kh2 Rb3 45. h4 Rxc3 46. h5 Kg5 47. Bf3 Rxa3 48. Rg7+ Kh6 49. Rg6+ Kh7 50. Rxb6 c3 51. Be4+ Kg8 52. h6 c2 53. h7+ Kg7 54. Bxc2 Rc3 55. Be4 Rc8 56. Ra6 Nc4 57. Ra7+ Kh8 58. Kh3 Nd6 59. Bd3 Rf8 60. Kh4 Nf7 61. g4 Ne5 62. Bf5 Nf3+ 63. Kh5 Nd4 64. Be4 Ne6 65. g5 Nxg5 66. Kxg5 Re8 67. Bf5 Rf8 68. Bg6 Rd8 69. Re7 Rd5+ 70. Kh6 Rh5+ 71. Kxh5 1/2-1/2

[Event "RUS-ch Blitz Women 2018"]
[Site "Sochi"]
[Date "2018.10.07"]
[Round "3"]
[White "Voit, Daria"]
[Black "Solozhenkina, Elizaveta"]
[Result "1-0"]
[ECO "A05"]
[WhiteElo "2352"]
[BlackElo "2276"]
[Annotator "NA"]
[PlyCount "63"]
[EventDate "2018.10.07"]
[EventType "swiss"]
[EventCountry "RUS"]
[SourceTitle "playchess.com"]
[Source "ChessBase"]
[SourceQuality "1"]
[TimeControl "180+2"]

1. Nf3 Nf6 2. c4 e6 3. g3 d5 4. Bg2 d4 5. O-O c5 6. d3 Nc6 7. e3 Bd6 8. exd4 cxd4 9. Na3 O-O 10. Nc2 e5 11. a3 a5 12. b3 Re8 13. Rb1 h6 14. b4 axb4 15. axb4 Bf5 16. b5 Na5 17. Re1 Nd7 18. Nb4 Nc5 19. Ra1 Ncb3 20. Ra4 Nxc1 21. Qxc1 Nb3 22. Qa3 Rxa4 23. Qxa4 Nc5 24. Qd1 Qa5 25. Nxd4 Qxb4 26. Nxf5 Bc7 27. Bd5 Qc3 28. Re3 b6 29. Qg4 e4 30. d4 Qc1+ 31. Kg2 g6 32. Qxg6+ 1-0

[Event "RUS-ch Blitz Women 2018"]
[Site "Sochi"]
[Date "2018.10.07"]
[Round "3"]
[White "Maltsevskaya, Aleksandra"]
[Black "Ivanova, Karina"]
[Result "1-0"]
[ECO "A15"]
[WhiteElo "2290"]
[BlackElo "2124"]
[Annotator "NA"]
[PlyCount "46"]
[EventDate "2018.10.07"]
[EventType "swiss"]
[EventCountry "RUS"]
[SourceTitle "playchess.com"]
[Source "ChessBase"]
[SourceQuality "1"]
[TimeControl "180+2"]

1. c4 Nf6 2. Nf3 e6 3. g3 b6 4. Bg2 Bb7 5. O-O Be7 6. Nc3 O-O 7. d3 d5 8. cxd5 Nxd5 9. a3 c5 10. Qc2 Nc6 11. Nxd5 Qxd5 12. e4 Qd7 13. Rd1 Bf6 14. Bd2 Nd4 15. Nxd4 Bxd4 16. Bc3 Rac8 17. Qe2 e5 18. a4 a5 19. h4 Bc6 20. Qc2 Rce8 21. Kh2 Qd6 22. Qe2 Bb7 23. Rf1 Qc6 1-0

[Event "RUS-ch Blitz Women 2018"]
[Site "Sochi"]
[Date "2018.10.07"]
[Round "3"]
[White "Diakonova, Ekaterina"]
[Black "Vasilevich, Tatjana"]
[Result "0-1"]
[ECO "B47"]
[WhiteElo "2236"]
[BlackElo "2360"]
[Annotator "NA"]
[PlyCount "110"]
[EventDate "2018.10.07"]
[EventType "swiss"]
[EventCountry "RUS"]
[SourceTitle "playchess.com"]
[Source "ChessBase"]
[SourceQuality "1"]
[TimeControl "180+2"]

1. e4 c5 2. Nf3 e6 3. d4 cxd4 4. Nxd4 Nc6 5. Nc3 Qc7 6. g3 d6 7. Bg2 Bd7 8. O-O a6 9. Be3 Be7 10. f4 Nf6 11. g4 h5 12. h3 hxg4 13. hxg4 Nxd4 14. Bxd4 e5 15. g5 exd4 16. gxf6 dxc3 17. fxe7 Kxe7 18. Qd4 cxb2 19. Qxb2 Qc5+ 20. Rf2 Rh4 21. e5 Rxf4 22. Raf1 dxe5 23. Qxb7 Rh8 24. Qxa6 Rh6 25. Qb7 Rg6 26. a3 Rfg4 27. Kh1 Rh4+ 28. Kg1 Ke8 29. Qa8+ Ke7 30. Qb7 Ke8 31. Qa8+ Ke7 32. Qb7 Rf4 33. c4 Qxc4 34. Rxf4 exf4 35. Qb4+ Qxb4 36. axb4 Bc6 37. Re1+ Kd6 38. Rd1+ Ke7 39. Re1+ Kf8 40. b5 Bxg2 41. Kf2 Bb7 42. Rc1 Rb6 43. Rc5 Ke7 44. Rg5 g6 45. Ke2 Kf6 46. Rc5 g5 47. Kf2 g4 48. Rc4 Kf5 49. Rc5+ Ke4 50. Rg5 g3+ 51. Kg2 f5 52. Rg8 Rxb5 53. Re8+ Re5 54. Rb8 Bd5 55. Rb4+ Ke3+ 0-1

[Event "RUS-ch Blitz Women 2018"]
[Site "Sochi"]
[Date "2018.10.07"]
[Round "3"]
[White "Baraeva, Irina"]
[Black "Protopopova, Anastasiya"]
[Result "0-1"]
[ECO "D15"]
[WhiteElo "2221"]
[BlackElo "2308"]
[Annotator "NA"]
[PlyCount "80"]
[EventDate "2018.10.07"]
[EventType "swiss"]
[EventCountry "RUS"]
[SourceTitle "playchess.com"]
[Source "ChessBase"]
[SourceQuality "1"]
[TimeControl "180+2"]

1. d4 d5 2. Nf3 Nf6 3. c4 c6 4. Nc3 a6 5. cxd5 cxd5 6. Bf4 Nc6 7. e3 Bf5 8. Be2 e6 9. O-O Bd6 10. Bg3 O-O 11. Rc1 Rc8 12. Na4 Ne4 13. Bxd6 Qxd6 14. Nc5 Na5 15. a3 b5 16. b4 Nc4 17. Bxc4 dxc4 18. Nh4 Nf6 19. Qe2 Bg4 20. f3 Bh5 21. g4 Bg6 22. Rfd1 Nd5 23. Ng2 h5 24. g5 a5 25. Qd2 axb4 26. axb4 Ra8 27. Ra1 c3 28. Qe2 Nxb4 29. Qxb5 Rxa1 30. Rxa1 Nd5 31. e4 Nf4 32. Ra6 Qxd4+ 33. Kf1 Qd1+ 34. Ne1 c2 35. Nb3 Qd6 36. Nxc2 Qd1+ 37. Ne1 Nh3 38. Qe2 Qxb3 39. Ra7 Qb6 40. Ra2 Qg1# 0-1

[Event "RUS-ch Blitz Women 2018"]
[Site "Sochi"]
[Date "2018.10.07"]
[Round "3"]
[White "Lysenko, Margarita"]
[Black "Maletina, Tatiana"]
[Result "1/2-1/2"]
[ECO "A11"]
[WhiteElo "2210"]
[BlackElo "2270"]
[Annotator "NA"]
[PlyCount "125"]
[EventDate "2018.10.07"]
[EventType "swiss"]
[EventCountry "RUS"]
[SourceTitle "playchess.com"]
[Source "ChessBase"]
[SourceQuality "1"]
[TimeControl "180+2"]

1. c4 c6 2. Nf3 d5 3. g3 Bg4 4. Bg2 Nd7 5. Qc2 Ngf6 6. O-O e5 7. d3 Bd6 8. Nbd2 O-O 9. Rb1 Qe7 10. e4 dxe4 11. Nxe4 Nxe4 12. dxe4 a5 13. Bg5 f6 14. Be3 Nc5 15. Nh4 Be6 16. Rbd1 Rad8 17. Nf5 Bxf5 18. exf5 Na6 19. Qa4 Bc7 20. a3 Nc5 21. Qc2 Na6 22. Rxd8 Rxd8 23. Rd1 h6 24. h4 Kh7 25. Bf3 Rxd1+ 26. Qxd1 Qd8 27. Qxd8 Bxd8 28. Kf1 g6 29. fxg6+ Kxg6 30. g4 Nc7 31. h5+ Kg7 32. b4 axb4 33. axb4 Ne6 34. b5 cxb5 35. cxb5 b6 36. Ke2 Ng5 37. Bc6 Nf7 38. f4 Nd6 39. fxe5 fxe5 40. Bf2 Kf6 41. Be3 Nf7 42. Kd3 Ke6 43. Ke4 Nd6+ 44. Kf3 Nf7 45. Be8 Nd6 46. Bc6 Nf7 47. Ke4 Bc7 48. Bd5+ Kf6 49. Bxf7 Kxf7 50. Bxh6 Kf6 51. Be3 Ke6 52. g5 Bd8 53. g6 Kf6 54. Bd2 Bc7 55. Bc3 Bd8 56. Bxe5+ Ke7 57. g7 Kf7 58. h6 Kg8 59. Kf5 Kh7 60. Bf4 Be7 61. Ke6 Bc5 62. Kf7 Bd6 63. g8=Q# 1/2-1/2

[Event "RUS-ch Blitz Women 2018"]
[Site "Sochi"]
[Date "2018.10.07"]
[Round "3"]
[White "Vinokur, Yuliya"]
[Black "Dordzhieva, Dinara"]
[Result "0-1"]
[ECO "D30"]
[WhiteElo "2170"]
[BlackElo "2340"]
[Annotator "NA"]
[PlyCount "84"]
[EventDate "2018.10.07"]
[EventType "swiss"]
[EventCountry "RUS"]
[SourceTitle "playchess.com"]
[Source "ChessBase"]
[SourceQuality "1"]
[TimeControl "180+2"]

1. d4 d5 2. c4 e6 3. Nf3 Nf6 4. g3 c6 5. Bg2 Be7 6. O-O O-O 7. Qc2 b6 8. Nbd2 Na6 9. a3 Bb7 10. e4 dxc4 11. Nxc4 c5 12. e5 Nd5 13. dxc5 Nxc5 14. b4 Na6 15. Bb2 Rc8 16. Qe2 Qc7 17. Rac1 Qb8 18. Nd4 Nac7 19. Qg4 Ne8 20. Rfd1 Kh8 21. Be4 g6 22. Rc2 Ng7 23. Bc1 Qa8 24. Bg2 h5 25. Qe2 Kh7 26. Ne3 Nxe3 27. fxe3 Rxc2 28. Qxc2 Rc8 29. Qe2 Be4 30. Rf1 Kg8 31. Qf2 Nf5 32. Nxf5 exf5 33. Bd2 Rc2 34. Bxe4 Qxe4 35. Qe1 Qxe5 36. Qd1 Qe4 37. Rf4 Qd3 38. Rd4 Qb3 39. Kf2 Bg5 40. Ke2 Qxe3+ 41. Kf1 Qxd4 42. Qxc2 Qxd2 0-1

[Event "RUS-ch Blitz Women 2018"]
[Site "Sochi"]
[Date "2018.10.07"]
[Round "3"]
[White "Sukhareva, Evgeniya"]
[Black "Markelova, Lubov"]
[Result "1-0"]
[ECO "D02"]
[WhiteElo "2125"]
[BlackElo "2190"]
[Annotator "NA"]
[PlyCount "107"]
[EventDate "2018.10.07"]
[EventType "swiss"]
[EventCountry "RUS"]
[SourceTitle "playchess.com"]
[Source "ChessBase"]
[SourceQuality "1"]
[TimeControl "180+2"]

1. d4 d5 2. Nf3 Nf6 3. c4 c6 4. Qc2 dxc4 5. Qxc4 Bg4 6. Nbd2 e6 7. g3 Be7 8. Bg2 O-O 9. e3 Nbd7 10. O-O Rc8 11. b4 a5 12. a3 Qb6 13. Rb1 axb4 14. axb4 Ra8 15. Qb3 Qb5 16. Re1 Nb6 17. e4 Qa4 18. Qc3 Qa2 19. Ne5 Bh5 20. Qe3 Nbd7 21. Nec4 Bg6 22. Bb2 Bxb4 23. Bc3 Bxc3 24. Qxc3 b5 25. Ra1 b4 26. Qxb4 Qc2 27. Rac1 Qa2 28. Nd6 Rfb8 29. Qc3 Qa6 30. Qe3 Qa3 31. Rc3 Qa6 32. Rec1 Rb6 33. Bf1 Qa4 34. h4 h6 35. Be2 Bh5 36. Bxh5 Nxh5 37. Qf3 Nhf6 38. e5 Nd5 39. Qxf7+ Kh8 40. Rc4 Qa2 41. N2e4 Nf8 42. Qh5 Rb2 43. Nf7+ Kg8 44. Nxh6+ gxh6 45. Qxh6 Nd7 46. Qxe6+ Kh7 47. Qxd7+ Kg8 48. Qe6+ Kf8 49. Qxc6 Rab8 50. Qxd5 Rb1 51. Qd6+ Kg8 52. Qe6+ Kh8 53. Qh6+ Kg8 54. Nf6+ {[%emt 0:00:01] Kf8 [%clk 0:00:11]} 1-0

[Event "RUS-ch Blitz Women 2018"]
[Site "Sochi"]
[Date "2018.10.07"]
[Round "3"]
[White "Tomashevskaya, Lidia"]
[Black "Bivol, Alina"]
[Result "1/2-1/2"]
[ECO "C03"]
[WhiteElo "2123"]
[BlackElo "2403"]
[Annotator "NA"]
[PlyCount "79"]
[EventDate "2018.10.07"]
[EventType "swiss"]
[EventCountry "RUS"]
[SourceTitle "playchess.com"]
[Source "ChessBase"]
[SourceQuality "1"]
[TimeControl "180+2"]

1. e4 e6 2. d4 d5 3. Nd2 Be7 4. Ngf3 Nf6 5. e5 Nfd7 6. Bd3 c5 7. c3 Nc6 8. O-O Qb6 9. dxc5 Nxc5 10. Bc2 Nd7 11. Qe2 g5 12. Nb3 g4 13. Nfd4 Ncxe5 14. Be3 Qd8 15. f4 gxf3 16. Nxf3 Ng6 17. Bd4 Rg8 18. g3 Qc7 19. Rae1 Nc5 20. Ne5 Nxe5 21. Bxe5 Qb6 22. Kh1 Nxb3 23. axb3 Bd7 24. Rxf7 Rg5 25. Rxh7 Bf8 26. Bd4 Qc6 27. Qf3 O-O-O 28. Bf6 Bc5 29. Bxg5 Rf8 30. Rf7 Rg8 31. Be3 Bxe3 32. Rxe3 Qd6 33. Re1 e5 34. Rf6 Qc7 35. Qxd5 Rh8 36. Be4 Bc6 37. Qd3 Bd7 38. Bf5 Bxf5 39. Qxf5+ Kb8 40. Rf8+ 1/2-1/2

[Event "RUS-ch Blitz Women 2018"]
[Site "Sochi"]
[Date "2018.10.07"]
[Round "4"]
[White "Bivol, Alina"]
[Black "Tomashevskaya, Lidia"]
[Result "1-0"]
[ECO "A05"]
[WhiteElo "2403"]
[BlackElo "2123"]
[Annotator "NA"]
[PlyCount "69"]
[EventDate "2018.10.07"]
[EventType "swiss"]
[EventCountry "RUS"]
[SourceTitle "playchess.com"]
[Source "ChessBase"]
[SourceQuality "1"]
[TimeControl "180+2"]

1. Nf3 Nf6 2. g3 e6 3. Bg2 d5 4. d4 b6 5. O-O Bb7 6. c4 Nbd7 7. Nbd2 Be7 8. Qc2 O-O 9. b3 Rc8 10. Bb2 c5 11. dxc5 Nxc5 12. Ne5 Qc7 13. Rac1 Nce4 14. Nxe4 Nxe4 15. e3 Bf6 16. Ng4 Bxb2 17. Qxb2 Nc5 18. Rfd1 dxc4 19. Rxc4 Bxg2 20. Kxg2 Qb7+ 21. f3 Rfd8 22. Rcd4 Rxd4 23. Qxd4 h6 24. Rd2 a5 25. Ne5 Qc7 26. h4 Nb7 27. Qe4 Nd6 28. Qf4 Nf5 29. Nc4 Qc5 30. Re2 Rd8 31. Qe5 Qxe5 32. Nxe5 f6 33. Nc4 Rb8 34. Kf2 Kf7 35. Rd2 1-0

[Event "RUS-ch Blitz Women 2018"]
[Site "Sochi"]
[Date "2018.10.07"]
[Round "4"]
[White "Vasilevich, Tatjana"]
[Black "Diakonova, Ekaterina"]
[Result "1-0"]
[ECO "A57"]
[WhiteElo "2360"]
[BlackElo "2236"]
[Annotator "NA"]
[PlyCount "51"]
[EventDate "2018.10.07"]
[EventType "swiss"]
[EventCountry "RUS"]
[SourceTitle "playchess.com"]
[Source "ChessBase"]
[SourceQuality "1"]
[TimeControl "180+2"]

1. d4 Nf6 2. c4 c5 3. d5 b5 4. Nf3 g6 5. Qc2 b4 6. b3 Bg7 7. Bb2 e6 8. e4 exd5 9. e5 Ng8 10. cxd5 d6 11. Bb5+ Bd7 12. e6 Qe7 13. Bxd7+ Nxd7 14. Bxg7 fxe6 15. Bxh8 O-O-O 16. dxe6 Ndf6 17. O-O Nh6 18. Bxf6 Qxf6 19. Nbd2 Nf5 20. Rfe1 g5 21. Ne4 Qg6 22. Nexg5 h6 23. Nf7 Rg8 24. g3 h5 25. Rad1 h4 26. Nxd6+ 1-0

[Event "RUS-ch Blitz Women 2018"]
[Site "Sochi"]
[Date "2018.10.07"]
[Round "4"]
[White "Charochkina, Daria"]
[Black "Gritsayeva, Oksana"]
[Result "1-0"]
[ECO "A50"]
[WhiteElo "2344"]
[BlackElo "2378"]
[Annotator "NA"]
[PlyCount "61"]
[EventDate "2018.10.07"]
[EventType "swiss"]
[EventCountry "RUS"]
[SourceTitle "playchess.com"]
[Source "ChessBase"]
[SourceQuality "1"]
[TimeControl "180+2"]

1. d4 Nf6 2. c4 Nc6 3. Nf3 e6 4. a3 d5 5. e3 Be7 6. Be2 O-O 7. O-O Ne4 8. Nc3 Nxc3 9. bxc3 b6 10. cxd5 exd5 11. c4 dxc4 12. Bxc4 Bb7 13. Bb2 Bf6 14. e4 Na5 15. Bd3 g6 16. Rc1 Bg7 17. Bc3 Nc6 18. d5 Ne7 19. Bxg7 Kxg7 20. Qc2 c6 21. Nd4 cxd5 22. e5 Rc8 23. Qb2 Kg8 24. f4 Nc6 25. Nb5 Na5 26. Nd6 Rxc1 27. Qxc1 Bc8 28. f5 Bxf5 29. Bxf5 gxf5 30. Qh6 Nc6 31. Nxf5 1-0

[Event "RUS-ch Blitz Women 2018"]
[Site "Sochi"]
[Date "2018.10.07"]
[Round "4"]
[White "Dordzhieva, Dinara"]
[Black "Vinokur, Yuliya"]
[Result "0-1"]
[ECO "A04"]
[WhiteElo "2340"]
[BlackElo "2170"]
[Annotator "NA"]
[PlyCount "94"]
[EventDate "2018.10.07"]
[EventType "swiss"]
[EventCountry "RUS"]
[SourceTitle "playchess.com"]
[Source "ChessBase"]
[SourceQuality "1"]
[TimeControl "180+2"]

1. Nf3 g6 2. d4 Bg7 3. c4 Nf6 4. g3 c5 5. Bg2 O-O 6. Nc3 d5 7. dxc5 dxc4 8. O-O Na6 9. c6 bxc6 10. Ne5 Bb7 11. Nxc6 Qc7 12. Bf4 Qb6 13. Nxe7+ Kh8 14. Ned5 Nxd5 15. Nxd5 Bxd5 16. Qxd5 Rac8 17. Be5 Nb4 18. Bxg7+ Kxg7 19. Qe5+ Kg8 20. Qc3 Rfe8 21. Bf3 Nc6 22. Rfd1 Ne5 23. Bg2 Ng4 24. e3 Nxe3 25. fxe3 Rxe3 26. Qd4 Re1+ 27. Kf2 Qxd4+ 28. Rxd4 Rxa1 29. Rd7 Rxa2 30. Rb7 Rd8 31. Ke3 Rd3+ 32. Kf4 Rb3 33. Rc7 Rbxb2 34. Bd5 Rf2+ 35. Ke5 Rae2+ 36. Kd6 Rd2 37. Rxc4 Rf5 38. Rc5 Rfxd5+ 39. Rxd5 Rxd5+ 40. Kxd5 Kg7 41. Kc6 Kf6 42. Kb7 Kg5 43. Kxa7 Kg4 44. Kb6 Kh3 45. Kc5 Kxh2 46. g4 Kg3 47. g5 Kg4 0-1

[Event "RUS-ch Blitz Women 2018"]
[Site "Sochi"]
[Date "2018.10.07"]
[Round "4"]
[White "Protopopova, Anastasiya"]
[Black "Baraeva, Irina"]
[Result "1-0"]
[ECO "D11"]
[WhiteElo "2308"]
[BlackElo "2221"]
[Annotator "NA"]
[PlyCount "69"]
[EventDate "2018.10.07"]
[EventType "swiss"]
[EventCountry "RUS"]
[SourceTitle "playchess.com"]
[Source "ChessBase"]
[SourceQuality "1"]
[TimeControl "180+2"]

1. d4 d5 2. Nf3 Nf6 3. c4 c6 4. e3 Bg4 5. Nc3 e6 6. h3 Bh5 7. Qb3 Qc7 8. Ne5 Nbd7 9. g4 Bg6 10. Nxg6 hxg6 11. Bg2 Be7 12. Bd2 a5 13. Rc1 dxc4 14. Qxc4 Nb6 15. Qe2 Rd8 16. Nb5 Qb8 17. Bxa5 Nbd5 18. Bxd8 Qxd8 19. Nc3 Bb4 20. O-O Qb8 21. f4 Bd6 22. Nxd5 Nxd5 23. Qf3 Bb4 24. Rc2 Qa7 25. a3 Bd6 26. f5 gxf5 27. gxf5 f6 28. fxe6 Qa4 29. Re2 Qb3 30. Qe4 Ke7 31. Qg6 Kxe6 32. Qxg7 Rf8 33. Qg4+ Ke7 34. e4 Ne3 35. Qf3 1-0

[Event "RUS-ch Blitz Women 2018"]
[Site "Sochi"]
[Date "2018.10.07"]
[Round "4"]
[White "Solozhenkina, Elizaveta"]
[Black "Voit, Daria"]
[Result "1-0"]
[ECO "B54"]
[WhiteElo "2276"]
[BlackElo "2352"]
[Annotator "NA"]
[PlyCount "73"]
[EventDate "2018.10.07"]
[EventType "swiss"]
[EventCountry "RUS"]
[SourceTitle "playchess.com"]
[Source "ChessBase"]
[SourceQuality "1"]
[TimeControl "180+2"]

1. e4 c5 2. Nf3 d6 3. d4 cxd4 4. Nxd4 Nf6 5. f3 e6 6. c4 Be7 7. Nc3 O-O 8. Be2 a6 9. O-O Qc7 10. Be3 b6 11. Qd2 Nbd7 12. a3 Bb7 13. b4 Rac8 14. Rac1 Qb8 15. Nb3 Bd8 16. Rfd1 Bc7 17. Bf4 Ne5 18. Kh1 Rfd8 19. Qb2 Qa8 20. Bf1 h6 21. Bg3 Nh5 22. Bxe5 dxe5 23. c5 Rxd1 24. Rxd1 Rd8 25. Qc2 Nf6 26. Na4 Nd7 27. cxb6 Nxb6 28. Nac5 Bd6 29. a4 Bxc5 30. Nxc5 Rxd1 31. Qxd1 Bc6 32. a5 Nd7 33. Nxd7 Qd8 34. Bxa6 Qxd7 35. Qxd7 Bxd7 36. b5 Kf8 37. b6 1-0

[Event "RUS-ch Blitz Women 2018"]
[Site "Sochi"]
[Date "2018.10.07"]
[Round "4"]
[White "Maletina, Tatiana"]
[Black "Lysenko, Margarita"]
[Result "1-0"]
[ECO "A50"]
[WhiteElo "2270"]
[BlackElo "2210"]
[Annotator "NA"]
[PlyCount "85"]
[EventDate "2018.10.07"]
[EventType "swiss"]
[EventCountry "RUS"]
[SourceTitle "playchess.com"]
[Source "ChessBase"]
[SourceQuality "1"]
[TimeControl "180+2"]

1. d4 Nf6 2. c4 g6 3. f3 c5 4. d5 Bg7 5. e4 d6 6. Nc3 O-O 7. Be3 e6 8. Qd2 exd5 9. cxd5 a6 10. a4 Re8 11. Nge2 Nbd7 12. Ng3 Ne5 13. Be2 h5 14. O-O Bd7 15. h3 c4 16. f4 Nd3 17. Bxd3 cxd3 18. Qxd3 b5 19. Bd4 bxa4 20. e5 Nh7 21. exd6 Rb8 22. Rf2 Bxd4 23. Qxd4 Qb6 24. Qxb6 Rxb6 25. Nge4 f5 26. Nc5 Rxd6 27. N5xa4 Nf6 28. Nc5 Rb8 29. Rxa6 Rxa6 30. Nxa6 Rc8 31. Nb4 Rc4 32. Nd3 Rd4 33. Ne5 Be8 34. Nf3 Rb4 35. d6 Rb8 36. Ne5 Rd8 37. Rd2 Bd7 38. b4 Be8 39. b5 Rb8 40. d7 Bxd7 41. Nxd7 Nxd7 42. Rxd7 Rc8 43. b6 1-0

[Event "RUS-ch Blitz Women 2018"]
[Site "Sochi"]
[Date "2018.10.07"]
[Round "4"]
[White "Styazhkina, Anna"]
[Black "Bodnaruk, Anastasia"]
[Result "1-0"]
[ECO "B53"]
[WhiteElo "2268"]
[BlackElo "2423"]
[Annotator "NA"]
[PlyCount "177"]
[EventDate "2018.10.07"]
[EventType "swiss"]
[EventCountry "RUS"]
[SourceTitle "playchess.com"]
[Source "ChessBase"]
[SourceQuality "1"]
[TimeControl "180+2"]

1. e4 c5 2. Nf3 d6 3. d4 cxd4 4. Qxd4 Nf6 5. c4 Nc6 6. Qe3 g6 7. Be2 Bg7 8. h3 O-O 9. O-O Ne8 10. Rd1 Qa5 11. Nc3 Nc7 12. Nd5 Nxd5 13. exd5 Ne5 14. Nd4 Qb6 15. b3 e6 16. dxe6 fxe6 17. Bb2 Bd7 18. Rab1 Rad8 19. Ba3 Bc8 20. Nc2 Qxe3 21. Nxe3 Nf7 22. Rd3 Bf6 23. Rbd1 Be7 24. Nc2 h5 25. Nd4 Ne5 26. R3d2 a6 27. g3 Nf7 28. Nc2 Ne5 29. f4 Nf7 30. Ne3 Rfe8 31. Kg2 Bd7 32. Bf3 Bc6 33. Re1 Bf6 34. Nc2 e5 35. fxe5 Bxf3+ 36. Kxf3 Nxe5+ 37. Kg2 Nf7 38. Rxe8+ Rxe8 39. Kf2 Re6 40. Ne3 Bg5 41. Re2 Ne5 42. Nd5 Nd3+ 43. Kf1 Kf7 44. Nc7 Rf6+ 45. Kg2 Nc5 46. Nd5 Re6 47. Rf2+ Kg8 48. h4 Bh6 49. Bxc5 dxc5 50. Nf6+ Kg7 51. Nd5 Kg8 52. Nf6+ Kg7 53. Nd5 Kg8 54. Kh3 Bg7 55. g4 hxg4+ 56. Kxg4 Bd4 57. Rg2 Kh7 58. Kg5 Re5+ 59. Kg4 Re1 60. h5 gxh5+ 61. Kxh5 b5 62. Kg5 bxc4 63. bxc4 Rc1 64. Nb6 Rb1 65. Nd5 Rc1 66. Nb6 Rf1 67. Re2 Rf7 68. Nd5 Rb7 69. Re6 a5 70. Ra6 Rb2 71. Rxa5 Rg2+ 72. Kf5 Kg7 73. Nc7 Rf2+ 74. Ke4 Kh6 75. Ne6 Re2+ 76. Kd5 Rd2 77. Kc6 Rc2 78. Nxc5 Rxc4 79. Kd5 Rb4 80. Ne6 Bf2 81. a3 Rb1 82. Nf4 Be3 83. Nd3 Ra1 84. a4 Kg5 85. Ra8 Bd2 86. Nc5 Kf4 87. Re8 Bb4 88. Re4+ Kf5 89. Rxb4 1-0

[Event "RUS-ch Blitz Women 2018"]
[Site "Sochi"]
[Date "2018.10.07"]
[Round "4"]
[White "Markelova, Lubov"]
[Black "Sukhareva, Evgeniya"]
[Result "1-0"]
[ECO "A05"]
[WhiteElo "2190"]
[BlackElo "2125"]
[Annotator "NA"]
[PlyCount "69"]
[EventDate "2018.10.07"]
[EventType "swiss"]
[EventCountry "RUS"]
[SourceTitle "playchess.com"]
[Source "ChessBase"]
[SourceQuality "1"]
[TimeControl "180+2"]

1. Nf3 Nf6 2. c4 g6 3. Nc3 Bg7 4. e4 c5 5. d4 cxd4 6. Nxd4 d6 7. Be2 O-O 8. Be3 b6 9. O-O Bb7 10. f3 Nbd7 11. Qd2 Rc8 12. Rac1 a6 13. Rfd1 Re8 14. Bf1 Bf8 15. b4 e6 16. Qf2 Qc7 17. Nb3 Be7 18. Na4 Bd8 19. Kh1 Ba8 20. c5 dxc5 21. Bxa6 Rb8 22. bxc5 b5 23. Nb6 Bc6 24. Na5 Ra8 25. Nxc6 Rxa6 26. Nxd8 Rxd8 27. Qb2 Ra5 28. Nxd7 Nxd7 29. c6 Nf8 30. Rxd8 Qxd8 31. c7 Qc8 32. Bh6 e5 33. Qxe5 Ne6 34. Bd2 Rxa2 35. Bc3 1-0